 Dungeon Crawl Stone Soup version 0.25-a0-62-g88673ef095 (webtiles) character file.

Game seed: 12786621452208843482, levelgen mode: deterministic

1248 Gargoyl the Chopper (level 8, -1/67 HPs)
             Began as a Pale Draconian Abyssal Knight on Oct 30, 2019.
             Was a Priest of Lugonu.
             Slain by a slime creature (20 damage)
             ... on level 6 of the Dungeon.
             The game lasted 00:07:42 (5323 turns).

Gargoyl the Chopper (Pale Draconian Abyssal Knight) Turns: 5323, Time: 00:07:43

Health: -1/67      AC:  9    Str: 17    XL:     8   Next: 26%
Magic:  11/11      EV: 15    Int: 13    God:    Lugonu [***...]
Gold:   297        SH:  0    Dex: 14    Spells: 7/7 levels left

rFire    . . .     SeeInvis .   a - +2 hand axe (vamp)
rCold    . . .     Gourm    .   (no shield)
rNeg     . . .     Faith    .   (armour unavailable)
rPois    .         Spirit   .   (helmet restricted)
rElec    .         Reflect  .   (no cloak)
rCorr    .         Harm     .   x - +2 pair of gloves
MR       +....                  (no boots)
Stlth    ++........             s - amulet of magic regeneration
HPRegen  0.21/turn              g - +4 ring of dexterity
MPRegen  0.37/turn              d - ring of protection from magic

@: short of breath
A: breathe steam, unfitting armour, cold-blooded, AC +6
a: Breathe Steam, Depart the Abyss, Bend Space, Banish, Renounce Religion


You were on level 6 of the Dungeon.
You worshipped Lugonu.
Lugonu was most pleased with you.
You were very hungry.

You visited 1 branch of the dungeon, and saw 6 of its levels.
You visited the Abyss 1 time.

You collected 297 gold pieces.

Inventory:

Hand Weapons
 a - a +2 vampiric hand axe (weapon)
Missiles
 l - 3 silver boomerangs (quivered)
 w - 3 javelins
Armour
 x - a +2 pair of gloves (worn)
Jewellery
 d - a ring of protection from magic (right hand)
 g - a +4 ring of dexterity (left hand)
 k - an uncursed ring of magical power
 n - an uncursed ring of positive energy
 s - an amulet of magic regeneration (around neck)
 u - a +3 ring of strength {unknown}
 y - an uncursed ring of protection from magic
Wands
 j - a wand of digging (7)
 z - a wand of disintegration (11)
 D - a wand of scattershot (6)
Scrolls
 c - a scroll of identify
 e - 4 scrolls of fog
 t - a scroll of remove curse
 A - a scroll of teleportation {unknown}
 B - a scroll of immolation {unknown}
Potions
 f - 2 potions of heal wounds
 h - 4 potions of might
 i - a potion of cancellation
 m - 4 potions of curing
 o - 2 potions of brilliance
 p - 2 potions of berserk rage {unknown}
 q - a potion of agility {unknown}
 r - a potion of magic {unknown}
 v - a potion of mutation {unknown}
 C - a potion of degeneration {unknown}
Comestibles
 b - 11 rations


   Skills:
 + Level 4.8 Fighting
 + Level 5.8 Axes
 + Level 1.2 Throwing
 * Level 5.7 Dodging
 + Level 1.3 Stealth
 * Level 4.8 Invocations


You had 7 spell levels left.
You didn't know any spells.
Your spell library contained the following spells:

 Spells                   Type           Power        Failure   Level  Hunger
 Magic Dart               Conj           #...         30%         1    ##.....
 Searing Ray              Conj           #.....       43%         2    ###....
 Dazzling Spray           Conj/Hex       #.....       67%         3    ####...
 Force Lance              Conj/Tloc      #.......     97%         4    #####..
 Fulminant Prism          Conj/Hex       #.........   97%         4    #####..
 Iskenderun's Mystic Bla  Conj           #.......     97%         4    #####..


Dungeon Overview and Level Annotations

Branches:
Dungeon (6/15)             Temple (0/1) D:5

Altars:
Ashenzari
Makhleb
Ru
The Shining One


Innate Abilities, Weirdness & Mutations

You can breathe blasts of scalding, opaque steam.
Your pale cyan-grey scales are hard. (AC +6)
You cannot fit into any form of body armour.
You are cold-blooded and may be slowed by cold attacks.


Message History

There is an open gate here.
The slime creature hits you.
* * * LOW HITPOINT WARNING * * *
Press: ? - help, Shift-Dir - straight line, f/p - slime creature
Aim: a slime creature (moderately wounded)
You exhale a blast of scalding steam.
The ball of steam hits the slime creature!
The slime creature is heavily wounded.
You feel somewhat more hungry.
The slime creature is engulfed in a cloud of scalding steam.
The slime creature misses you.
You hit the slime creature.
You feel better.
You tail-slap the slime creature.
The slime creature is severely wounded.
The slime creature is engulfed in a cloud of scalding steam.
The slime creature barely misses you.
You are feeling very hungry.
You hit the slime creature.
You feel better.
The slime creature is almost dead.
The slime creature hits you!!
You die...

#.######.# #..#..........#
.........# ##.#..........#
#.######## #.#.....###### ).#
#.#.....# ###### #.......#
.....# ##......######### ####.#
#..#..)........# ...#.#
#..#...........# .....#
##@#...........# ##...#
#J#..........># #.÷..#
#####§§###...)†...# #.<..###
###...§§.###........# #.#....#
#.......§...........### .....#.#
##'''###..######'##...# ######.#
##...####.#.......#...#
.......###.....###.........#...#
#########.......##.........#...#


You could see a slime creature.

Vanquished Creatures
  Grinder (D:4)
  Eustachio (D:6)
  A centaur (D:6)
  2 big kobolds (D:6)
  A bullfrog (D:6)
  3 howler monkeys
  3 crimson imps
  3 jellies (D:6)
  An orc priest (D:4)
  3 iguanas
  A worker ant (D:3)
  9 adders
  A shadow imp (D:6)
  2 oozes (D:6)
  5 adder skeletons
  3 worms
  3 dart slugs
  3 leopard geckos
  8 orcs
  2 ball pythons
  4 giant cockroaches
  5 goblins (D:1)
  3 hobgoblins
  6 jackals
  4 quokkas
  3 bats (D:3)
  A frilled lizard (D:4)
  2 goblin skeletons (D:6)
  2 hobgoblin zombies (D:6)
  9 kobolds
  A kobold skeleton (D:6)
  2 kobold zombies (D:6)
  A leopard gecko skeleton (D:4)
  6 rats
105 creatures vanquished.

Vanquished Creatures (others)
  3 fungi (D:6)
  9 toadstools (D:6)
12 creatures vanquished.

Grand Total: 117 creatures vanquished

Notes
Turn   | Place    | Note
-------+----------+-------------------------------------------
     0 | Abyss:1  | Gargoyl the Draconian Abyssal Knight began the quest for
                  | the Orb.
     0 | Abyss:1  | Reached XP level 1. HP: 19/19 MP: 2/2
    11 | Abyss:2  | Noticed a large abomination
    18 | D:1      | Escaped the Abyss
   142 | D:1      | Reached * piety under Lugonu
   234 | D:1      | Reached XP level 2. HP: 26/26 MP: 3/3
  1187 | D:2      | Reached XP level 3. HP: 16/33 MP: 5/5
  1852 | D:2      | Found a burning altar of Makhleb.
  1880 | D:2      | Reached XP level 4. HP: 39/40 MP: 6/6
  2767 | D:4      | Reached XP level 5. HP: 33/46 MP: 7/7
  2771 | D:4      | Reached ** piety under Lugonu
  3224 | D:4      | Noticed Grinder
  3574 | D:4      | Paralysed by Grinder for 7 turns
  3594 | D:4      | Paralysed by Grinder for 4 turns
  3604 | D:4      | Killed Grinder
  3604 | D:4      | Reached skill level 1 in Throwing
  3604 | D:4      | Reached XP level 6. HP: 39/52 MP: 8/8
  3859 | D:5      | Entered Level 5 of the Dungeon
  3958 | D:5      | Found a shattered altar of Ashenzari.
  4055 | D:5      | Found a staircase to the Ecumenical Temple.
  4100 | D:5      | Found a sacrificial altar of Ru.
  4581 | D:5      | Your scales start taking on a pale cyan-grey colour.
  4581 | D:5      | Reached XP level 7. HP: 56/59 MP: 9/9
  4754 | D:6      | Reached skill level 5 in Dodging
  4784 | D:6      | Found a glowing golden altar of the Shining One.
  4980 | D:6      | Reached *** piety under Lugonu
  4994 | D:6      | Reached skill level 5 in Axes
  5119 | D:6      | Noticed Eustachio
  5125 | D:6      | Reached skill level 1 in Stealth
  5131 | D:6      | Killed Eustachio
  5131 | D:6      | Reached XP level 8. HP: 62/67 MP: 11/11
  5223 | D:6      | Noticed a slime creature
  5323 | D:6      | Slain by a slime creature

Levels and vault maps discovered:
D:1:      minmay_arrival_radiant_lines, layout_loops_cross
D:2:      layout_basic, makhleb_grotto_becter, grunt_ministairs_4
D:3:      layout_rooms, first_ration
D:4:      layout_rooms, uniq_grinder
D:5:      layout_gridville, nicolae_ashenzari_panopticon,
          minmay_temple_entry_slanted, serial_park_tiny_2,
          nicolae_ru_awakened_eye
D:6:      cheibrodos_fertilizer, layout_basic, nicolae_tso_besieged_by_evil,
          hex_large, nrook_loot_triangle, xom_teletrap_fun, uniq_eustachio

Skill      XL: |  1  2  3  4  5  6  7 |
---------------+----------------------+-----
Invocations    | 3 4 |  4.8
Dodging        | 3 4 5 |  5.7
Axes           | 3 4 5 |  5.8
Fighting       | 4 |  4.8
Throwing       | 1 |  1.2
Stealth        | 1 |  1.3

Action                   |  1- 3 |  4- 6 |  7- 9 || total
-------------------------+-------+-------+-------++-------
Melee: Hand axe          |   114 |   176 |   104 ||   394
       Tailslap          |    10 |    28 |    13 ||    51
Throw: Boomerang         |     4 |    16 |       ||    20
Invok: Depart the Abyss  |     1 |       |       ||     1
 Abil: Breathe Steam     |       |       |     5 ||     5
  Use: Scroll            |     8 |     6 |     3 ||    17
       Potion            |     1 |     1 |       ||     2
 Stab: Sleeping          |       |     1 |       ||     1
       Distracted        |       |       |     1 ||     1
  Eat: Chunk             |     3 |     9 |     2 ||    14
Armor: Skin              |    41 |    68 |    34 ||   143
Dodge: Dodged            |    66 |   162 |    73 ||   301

Table legend:
 A = Non-vault XP
 B = Vault XP
 C = Vault XP percentage of total XP
 D = Non-vault monster count
 E = Vault monster count
 F = Vault count percentage of total count
                 A         B        C        D         E       F
            +---------+---------+-------+---------+---------+-------
      Total |     851 |     933 |  52.3 |      80 |      25 |  23.8
            +---------+---------+-------+---------+---------+-------
        D:1 |      22 |       0 |   0.0 |      14 |       0 |   0.0
        D:2 |      43 |      65 |  60.2 |       9 |       3 |  25.0
        D:3 |      71 |       0 |   0.0 |      14 |       0 |   0.0
        D:4 |     144 |     281 |  66.1 |      19 |       1 |   5.0
        D:5 |     199 |       0 |   0.0 |      14 |       0 |   0.0
        D:6 |     372 |     587 |  61.2 |      10 |      21 |  67.7
            +---------+---------+-------+---------+---------+-------
